 Dungeon Crawl Stone Soup version 0.19.5 (webtiles) character file.

443 Peloso the Slasher (level 6, -1/82 HPs)
             Began as a Minotaur Fighter on Apr 7, 2017.
             Killed from afar by an orc wizard (9 damage)
             ... with a puff of flame
             ... on level 3 of the Dungeon.
             The game lasted 00:05:20 (2740 turns).

Peloso the Slasher (Minotaur Fighter)               Turns: 2740, Time: 00:05:25

Health: -1/82      AC: 23    Str: 18 (21) XL:     6   Next: 71%
Magic:  5/5        EV:  2    Int:  3 (5)  God:
Gold:   165        SH:  9    Dex: 10 (11) Spells: 0 memorised, 5 levels left

rFire  . . .     SeeInvis .     a - +0 long sword
rCold  . . .     Gourm    .     (armour currently unavailable)
rNeg   + + +     Faith    .     c - +0 shield
rPois  +         Spirit   .     (helmet currently unavailable)
rElec  .         Reflect  .     (cloak currently unavailable)
rCorr  .         Harm     .     (gloves currently unavailable)
MR     .....     NoTele   +     (boots currently unavailable)
Stlth  +.........               l - amulet of regeneration
                                (no ring)
                                (no ring)

@: tree-form
A: (retaliatory headbutt), (horns 0)
a: no special abilities


You were on level 3 of the Dungeon.
You were not hungry.
You were a tree.
You visited 1 branch of the dungeon, and saw 3 of its levels.

You collected 165 gold pieces.

Inventory:

Hand Weapons
 a - a +0 long sword (weapon)
Armour
 b - a +0 scale mail
 c - a +0 shield (worn)
 q - a +1 cloak (melded)
 t - a +0 plate armour (melded)
Jewellery
 l - an amulet of regeneration (around neck)
 u - an uncursed ring of magical power {unknown}
Wands
 v - a wand of lightning (2/15)
Scrolls
 e - a scroll of fear {unknown}
 k - a scroll of enchant armour {unknown}
 m - a scroll of identify {unknown}
 n - a scroll of teleportation {unknown}
 p - a scroll of recharging {unknown}
 s - a scroll of noise {unknown}
 w - a scroll of random uselessness {unknown}
Potions
 d - 2 potions of might
 g - a potion of heal wounds {unknown}
 h - 3 potions of lignification
 i - a potion of curing {unknown}
 j - a potion of degeneration
 r - a potion of mutation {unknown}
Comestibles
 f - a bread ration
 o - a chunk of flesh


   Skills:
 + Level 4.8 Fighting
 + Level 5.6 Long Blades
 + Level 5.3 Armour
 + Level 0.9 Dodging
 + Level 5.3 Shields


You had 5 spell levels left.
You didn't know any spells.

Dungeon Overview and Level Annotations

Branches:
Dungeon (3/15)

Altars:


Innate Abilities, Weirdness & Mutations

((You reflexively headbutt those who attack you in melee.))
((You have a pair of horns on your head.))


Message History

A puff of flame appears from out of thin air!
The puff of flame hits you!
* * * LOW HITPOINT WARNING * * *
You block something's attack.
It was a potion of lignification.
You turn into a tree.
Your +1 cloak melds into your body.
Your +0 plate armour melds into your body.
Your roots penetrate the ground.
You hear some strange, mumbled words.
A magic dart appears from out of thin air!
The magic dart hits you!
You barely miss something. Something hits you but does no damage.
Unknown command.
It was a potion of degeneration.
There was something very wrong with that liquid.
You feel weakened.
You feel dopey.
You feel clumsy.
You hear some strange, mumbled words.
A puff of flame appears from out of thin air!
The puff of flame hits you!
You die...

.......#)##.#.##.#.#######.
...)..........##.#.# #.....
........###.###.#.# #.####
########........##.#.#
#.....##......#.##.#.###
#.....##...............#
#####......#..#####....#####
..#........#.g#####....#
...........#ogg{♣......#
......÷.g...gg######...#
......g....#### #...#
..#........# ##..# .
#..g####..... ..>. ###).#
####..( ##..
######(######.#..
....o.......... .
....o...g.g....


You could see an orc priest, a hobgoblin and 4 goblins.

Vanquished Creatures
  The ghost of tschems the Shield-Bearer, an amateur HuFi (D:3)
  An ice beast (D:3)
  Crazy Yiuf (D:2)
  Jessica (D:2)
  Robin (D:2)
  3 gnolls (D:3)
  4 adders
  5 worms
  A dart slug (D:1)
  4 orcs (D:3)
  A ball python (D:1)
  5 bats
  A giant cockroach (D:1)
  11 goblins
  14 hobgoblins
  4 jackals (D:2)
  A quokka (D:2)
  4 frilled lizards
  7 kobolds
  5 rats
75 creatures vanquished.

Notes
Turn   | Place    | Note
-------+----------+-------------------------------------------
     0 | D:1      | Peloso the Minotaur Fighter began the quest for the Orb.
     0 | D:1      | Reached XP level 1. HP: 19/19 MP: 0/0
   151 | D:1      | Reached XP level 2. HP: 26/27 MP: 1/1
   645 | D:2      | Noticed Jessica
   656 | D:2      | Reached XP level 3. HP: 24/33 MP: 2/2
   666 | D:2      | Killed Jessica
  1043 | D:2      | Reached XP level 4. HP: 31/41 MP: 3/3
  1779 | D:2      | Noticed Robin
  1792 | D:2      | Killed Robin
  1943 | D:2      | Found a runed door.
  1959 | D:2      | Noticed Crazy Yiuf
  1975 | D:2      | Killed Crazy Yiuf
  1975 | D:2      | Reached XP level 5. HP: 11/47 MP: 4/4
  2032 | D:3      | Noticed an ice beast
  2041 | D:3      | Killed an ice beast
  2041 | D:3      | Reached skill level 5 in Shields
  2331 | D:3      | Reached skill level 5 in Armour
  2356 | D:3      | Reached XP level 6. HP: 53/53 MP: 5/5
  2430 | D:3      | Noticed tschems's ghost (amateur HuFi)
  2435 | D:3      | Reached skill level 5 in Long Blades
  2446 | D:3      | Killed tschems's ghost
  2740 | D:3      | Killed from afar by an orc wizard

Skill      XL: |  1  2  3  4  5  6 |
---------------+-------------------+-----
Fighting       | 4 |  4.8
Shields        | 4 5 |  5.3
Armour         | 4 5 |  5.3
Long Blades    | 3 4 5 |  5.6
Dodging        | |  0.9

Action                   |  1- 3 |  4- 6 || total
-------------------------+-------+-------++-------
Melee: Long sword        |    77 |   132 ||   209
       Headbutt          |     9 |    23 ||    32
  Use: Potion            |       |     3 ||     3
  Eat: Chunk             |       |     6 ||     6
Armor: Scale mail        |    36 |    20 ||    56
       Plate armour      |       |    20 ||    20
       Skin              |       |     2 ||     2
Dodge: Dodged            |    18 |    29 ||    47
Block: Shield            |    45 |    76 ||   121
       Rpst.: Long sword |     3 |    15 ||    18
